Map: 아크로폴리스 - 래더

Players

TSGSolar (Solar) - Winner!

  • Race: Zerg Zerg
  • League: Diamond
  • Spawn Location: 5:00

Cure

  • Race: Terran Terran
  • League: Master
  • Spawn Location: 11:00

Event: HomeStory Cup XX

VOD

Have the link to the VOD?

Description

Time

  • Played on: Nov. 21, 2019, 6:36 a.m.
  • Length: 8:30

All games in this series

Show
View Real Time Build Order
Export as new Build Order

TSGSolar Zerg - Winner!

Build Orders: Hatch First 

Get SALT Encoding   

  12  0:01  Drone  
  13  0:12  Overlord  
  13  0:16  Drone  
  14  0:31  Drone x2  
  16  0:47  Hatchery  
  15  0:50  Drone  
  15  0:53  Drone  
  17  0:58  Drone  
  18  1:08  Extractor  
  17  1:13  Spawning Pool  
  17  1:15  Drone  
  17  1:19  Drone  
  18  1:28  Drone  
  19  1:39  Drone  
  20  1:54  Overlord  
  20  2:00  Zergling x4, Queen x2  
  26  2:10  Extractor  
  26  2:12  Spore Crawler  
  26  2:14  Metabolic Boost  
  24  2:17  Spore Crawler  
  24  2:22  Zergling x6  
  29  2:26  Zergling x2  
  28  2:34  Zergling x4  
  30  2:42  Queen  
  32  2:48  Overlord  
  32  2:51  Drone  
  32  2:55  Drone  
  32  2:58  Zergling x2  
  35  3:04  Zergling x2  
  36  3:10  Drone x2  
  36  3:11  Drone x2  
  39  3:13  Drone x2  
  39  3:15  Drone  
  41  3:23  Overlord  
  41  3:24  Drone  
  42  3:37  Hatchery  
  42  3:40  Drone x2  
  43  3:43  Drone  
  43  3:45  Drone  
  45  3:50  Drone x3  
  45  3:53  Overlord  
  48  3:59  Queen  
  50  4:03  Drone x2  
  50  4:05  Overlord  
  52  4:12  Drone  
  52  4:14  Drone, Roach Warren  
  53  4:17  Drone x2  
  53  4:23  Overlord  
  55  4:25  Extractor  
  55  4:27  Extractor, Drone x3  
  55  4:28  Drone  
  55  4:31  Drone  
  58  4:39  Queen  
  58  4:41  Lair  
  58  4:44  Zergling x2  
  61  4:51  Queen  
  61  4:52  Drone  
  63  4:54  Roach x3  
  63  4:59  Drone x4  
  73  5:02  Overlord  
  73  5:07  Overlord  
  73  5:10  Overlord  
  73  5:14  Spore Crawler, Drone  
  73  5:20  Queen, Overlord  
  75  5:21  Drone x2  
  75  5:23  Drone  
  75  5:27  Drone  
  79  5:29  Drone x2  
  79  5:33  Roach x2  
  85  5:36  Drone x3  
  85  5:37  Drone  
  85  5:38  Drone  
  90  5:46  Spire  
  90  5:47  Drone x2  
  90  5:48  Extractor x2  
  90  5:49  Drone  
  90  5:54  Glial Reconstitution  
  90  5:55  Overseer  
  90  5:57  Extractor, Drone, Overlord  
  91  5:58  Spore Crawler  
  91  6:00  Drone  
  91  6:01  Drone x2  
  91  6:04  Drone x2  
  91  6:07  Drone  
  91  6:08  Drone x2  
  91  6:09  Zergling x2  
  97  6:11  Overlord  
  97  6:12  Drone  
  97  6:15  Drone x2  
  100  6:22  Evolution Chamber, Roach x2  
  100  6:24  Overlord  
  103  6:28  Zergling x2  
  100  6:35  Drone x3  
  100  6:36  Drone  
  100  6:38  Overlord  
  104  6:42  Overlord  
  104  6:49  Overlord  
  104  6:50  Overlord  
  104  6:55  Overlord  
  103  7:02  Corruptor x5  
  103  7:04  Corruptor  
  103  7:06  Hatchery  
  110  7:08  Corruptor  
  110  7:11  Corruptor  
  110  7:14  Corruptor  
  115  7:19  Roach x3  
  121  7:24  Roach  
  121  7:28  Roach x2  
  127  7:32  Roach x3  
  127  7:36  Overlord  
  133  7:37  Roach x2  
  133  7:39  Roach  
  133  7:42  Roach x2  
  143  7:45  Roach  
  143  7:47  Roach x2  
  143  7:48  Roach  
  143  7:50  Roach  
  149  7:55  Roach x3  
  149  7:56  Zergling x2  
  156  8:03  Ravager x3  
  156  8:05  Zergling x6  
  162  8:07  Overlord  
  162  8:09  Roach x3  
  178  8:27  Ravager  
Show
View Real Time Build Order
Export as new Build Order

Cure Terran 

Build Orders: Mech 

Get SALT Encoding   

  12  0:00  SCV  
  13  0:12  SCV  
  14  0:18  Supply Depot  
  14  0:24  SCV  
  15  0:40  Barracks  
  15  0:44  Refinery  
  15  0:56  Barracks  
  15  1:01  SCV  
  16  1:13  SCV  
  17  1:26  Orbital Command  
  17  1:27  Reaper  
  18  1:44  Reaper  
  19  1:52  SCV  
  20  1:59  Supply Depot  
  20  2:03  Reaper  
  20  2:04  SCV  
  22  2:16  SCV  
  22  2:21  Marine  
  24  2:31  SCV  
  24  2:34  Command Center  
  24  2:36  Marine  
  26  2:45  Factory  
  26  2:47  Supply Depot  
  26  2:48  SCV  
  27  2:54  Refinery  
  27  3:00  SCV  
  28  3:12  SCV  
  29  3:24  SCV  
  30  3:28  Factory Reactor  
  30  3:30  Starport  
  30  3:36  SCV  
  31  3:42  Command Center  
  31  3:45  Orbital Command  
  31  3:48  SCV  
  32  4:01  Orbital Command, SCV  
  33  4:05  Hellion x2  
  33  4:08  Fusion Core  
  37  4:13  SCV  
  38  4:22  Starport Tech Lab  
  38  4:25  SCV  
  38  4:27  Hellion x2, SCV  
  44  4:37  SCV  
  45  4:39  SCV  
  45  4:41  Refinery  
  46  4:49  SCV  
  47  4:53  SCV  
  47  4:56  Battlecruiser  
  47  4:59  Orbital Command  
  54  5:01  SCV  
  54  5:03  Hellion  
  54  5:05  SCV  
  58  5:09  Hellion  
  58  5:13  SCV  
  61  5:15  Supply Depot  
  61  5:16  Refinery  
  61  5:17  SCV  
  62  5:24  Weapon Refit  
  62  5:25  SCV  
  63  5:29  SCV  
  64  5:37  SCV  
  64  5:38  Supply Depot  
  64  5:41  SCV  
  66  5:46  Hellion x2, Orbital Command  
  66  5:49  SCV  
  70  5:54  Supply Depot, SCV  
  71  6:01  Battlecruiser  
  71  6:02  SCV  
  78  6:06  SCV  
  78  6:11  Hellion x2  
  83  6:14  Supply Depot, SCV  
  83  6:16  SCV  
  83  6:18  SCV  
  86  6:23  Barracks Tech Lab x2  
  86  6:25  Factory x2  
  86  6:26  SCV  
  86  6:28  SCV  
  86  6:30  SCV  
  86  6:31  Refinery  
  86  6:32  Refinery  
  89  6:38  SCV  
  90  6:40  SCV  
  90  6:42  SCV  
  90  6:46  Armory  
  92  6:47  Armory  
  92  6:50  SCV  
  92  6:52  SCV  
  94  6:54  SCV  
  94  7:00  Hellion x2  
  99  7:02  SCV  
  99  7:04  SCV  
  99  7:06  SCV  
  100  7:14  Supply Depot, SCV  
  100  7:15  Supply Depot  
  101  7:16  Factory Tech Lab  
  101  7:17  Factory Tech Lab  
  101  7:29  Supply Depot, Engineering Bay  
  101  7:35  Siege Tank x2, SCV  
  114  7:40  Command Center  
  114  7:47  SCV x3  
  117  7:54  Hellion x2  
  117  7:57  Missile Turret  
  121  7:59  Missile Turret  
  121  8:01  Factory  
  121  8:02  Factory  
  121  8:03  SCV x3  
  122  8:15  Supply Depot  
Tags
 
Add a new tag
Caveats
  • Supply blocks, unpowered buildings, or Contaminate may cause inaccurate times.
  • Supply counts are checked every 10 seconds.